 Dungeon Crawl Stone Soup version 0.31-a0-177-g4aa6249778 (webtiles) character file.

Game seed: 4367796318572885049

737 pokeman the Thaumaturge (level 7, -10/38 HPs)
             Began as a Deep Elf Hedge Wizard on June 18, 2023.
             Shot with an arrow by a centaur (15 damage)
             ... on level 5 of the Dungeon.
             The game lasted 00:09:38 (4806 turns).

pokeman the Thaumaturge (Deep Elf Hedge Wizard)     Turns: 4806, Time: 00:09:39

Health: -10/38     AC:  6    Str:  7    XL:     7   Next: 46%
Magic:  17/20      EV: 17    Int: 21    God:
Gold:   96         SH:  0    Dex: 14    Spells: 9/22 levels left

rFire   + . .        a - +0 dagger
rCold   . . .        (no shield)
rNeg    . . .        x - +2 leather armour {rF+}
rPois   .            c - +0 hat
rElec   .            e - +0 cloak
rCorr   .            (no gloves)
SInv    .            (no boots)
Will    .....        (no amulet)
Stlth   ++           j - +5 ring of evasion
HPRegen 0.26/turn    (no ring)
MPRegen 0.17/turn

%: no passive effects
@: no status effects
A: no striking features
a: no special abilities


You were on level 5 of the Dungeon.
You visited 1 branch of the dungeon, and saw 5 of its levels.

You collected 96 gold pieces.

Inventory:

Hand Weapons
 a - a +0 dagger (weapon)
 s - a +0 whip of pain
Armour
 c - a +0 hat (worn)
 e - a +0 cloak (worn)
 i - a +0 buckler
 x - a +2 leather armour of fire resistance (worn)
Jewellery
 j - a +5 ring of evasion (left hand)
 k - a ring of fire
Wands
 b - a wand of roots (11)
Scrolls
 f - 8 scrolls of identify {unknown}
 h - a scroll of teleportation {unknown}
 m - a scroll of immolation {unknown}
 o - a scroll of fog {unknown}
 p - a scroll of enchant armour {unknown}
 q - a scroll of poison {unknown}
 r - 2 scrolls of fear {unknown}
 u - a scroll of amnesia {unknown}
Potions
 d - a potion of magic
 g - 2 potions of haste {unknown}
 l - a potion of curing {unknown}
 n - a potion of heal wounds {unknown}
 v - a potion of degeneration {unknown}
 w - a potion of lignification {unknown}


   Skills:
 + Level 1.6 Fighting
 - Level 1.0 Armour
 - Level 3.2 Dodging
 - Level 3.0 Stealth
 - Level 1.1 Shields
 * Level 8.1 Spellcasting
 + Level 4.0 Conjurations
 - Level 1.1 Summonings
 - Level 1.3 Necromancy
 - Level 1.1 Translocations
 - Level 1.0 Air Magic
 + Level 1.4 Earth Magic
 - Level 1.0 Poison Magic
 - Level 1.2 Evocations


You had 9 spell levels left.
You knew the following spells:

 Your Spells              Type           Power      Damage    Failure   Level
a - Magic Dart            Conj           100%       1d8       2%          1
b - Mephitic Cloud        Conj/Pois/Air  17%        N/A       14%         3
c - Call Imp              Summ           26%        N/A       11%         2
d - Blink                 Tloc           26%        N/A       11%         2
e - Lee's Rapid Deconstr  Erth           7%         3d6*      86%         5

Your spell library contained the following spells:

 Spells                   Type           Power      Damage    Failure   Level
 Cigotuvi's Dreadful Rot  Necr/Pois/Air  26%        N/A       11%         2
 Slow                     Hex            32%        N/A       12%         1
 Leda's Liquefaction      Hex/Erth       5%         N/A       63%         4
 Conjure Ball Lightning   Conj/Air       9%         3x3d6     99%         6
 Leda's Unmaking          Conj/Erth      10%        9d2       99%         6
 Statue Form              Tmut/Erth      7%         N/A       100%        6
 Malign Gateway           Summ/Tloc      6%         N/A       100%        7
 Discord                  Hex            4%         N/A       100%        8
 Disjunction              Tloc           6%         N/A       100%        8
 Summon Horrible Things   Summ           6%         N/A       100%        8


Dungeon Overview and Level Annotations

Branches:
Dungeon (5/15)
 Temple: D:4-7

Altars:

Annotations:
D:5 Edmund


Message History

A quokka comes into view.
Your cerulean imp hits Edmund but does no damage.
Edmund hits your cerulean imp with a +4 flail of protection!
Your cerulean imp is killed!
Your cerulean imp disappears in a puff of smoke!
Casting: Call Imp (safe; 11% risk of failure)
Confirm with . or Enter, or press ? or * to list all spells.
You don't have enough magic to cast this spell.
The steam dragon breathes steam at you.
The ball of steam hits the orc!!
The orc dies!
The ball of steam misses you.
There is a stone staircase leading up, spattered with blood here.
You climb upwards.
There is a stone staircase leading down here.
HP restored.
There is a stone staircase leading down here.
You start resting.
Magic restored.
You climb downwards.
Level annotation: Edmund The centaur unwields a +0 dagger.
The centaur wields a +0 orcbow.
The centaur shoots an arrow.
The arrow hits you!
There is a stone staircase leading up, spattered with blood here.
Unknown command.
The centaur shoots an arrow.
The arrow hits you!
Casting: Call Imp (safe; 11% risk of failure)
Confirm with . or Enter, or press ? or * to list all spells.
The spell is quite dangerous to miscast (14% risk of failure)!
Continue anyway?
Aiming: Mephitic Cloud (quite dangerous; 14% risk of failure)
Press: ? - help, Shift-Dir - straight line The ball explodes into a vile cloud!
The stinking cloud engulfs the centaur but does no damage.
You hear a howl!
The centaur shoots an arrow.
The arrow hits you.
* * * LOW HITPOINT WARNING * * *
The centaur shoots an arrow.
The arrow hits you.
* * * LOW HITPOINT WARNING * * *
The centaur shoots an arrow.
The arrow hits you!
You die...

#...........#.h.
######............#
###..##...[......D..###
#....##................
##..##.g........lho....
####.##........h.<......
#........#......####....
#................# ...
##.....@......####. ..
##)#.###..○.○..... .
#####....☼○c..# #
#....○.°..#
#....#.....!.
#....##....#. ##.#.#
...... . ###.. ..#.. .
#.. .## . .


You could see a centaur and a gnoll.

Vanquished Creatures
  A water moccasin (D:4)
  A black bear (D:3)
  A phantom (D:3)
  2 howler monkeys (D:5)
  A jelly (D:4)
  2 hounds (D:5)
  An orc priest (D:4)
  2 iguanas
  4 orc wizards
  5 adders
  An ufetubus (D:4)
  A worm (D:4)
  A dart slug (D:5)
  8 orcs
  6 ball pythons
  7 endoplasms
  8 giant cockroaches
  8 goblins
  6 hobgoblins
  4 jackals (D:2)
  3 bats
  4 frilled lizards
  2 kobolds
  2 rats
81 creatures vanquished.

Vanquished Creatures (others)
  An orc (D:5)
1 creature vanquished.

Grand Total: 82 creatures vanquished

Notes
Turn   | Place    | Note
-------+----------+-------------------------------------------
     0 | D:1      | pokeman the Deep Elf Hedge Wizard began the quest for the
                  | Orb.
     0 | D:1      | Reached XP level 1. HP: 10/10 MP: 7/7
   768 | D:2      | Reached XP level 2. HP: 13/15 MP: 4/9
  1210 | D:2      | Reached skill level 5 in Spellcasting
  1409 | D:2      | Reached XP level 3. HP: 20/20 MP: 7/11
  1427 | D:2      | Learned a level 3 spell: Mephitic Cloud
  1430 | D:2      | Learned a level 2 spell: Call Imp
  1433 | D:2      | Learned a level 2 spell: Blink
  1779 | D:2      | Reached skill level 1 in Fighting
  1995 | D:3      | Reached skill level 1 in Armour
  2297 | D:3      | Reached XP level 4. HP: 20/25 MP: 7/13
  3148 | D:4      | Noticed a phantom
  3230 | D:3      | Killed a phantom
  3231 | D:3      | Reached skill level 1 in Shields
  3231 | D:3      | Reached skill level 6 in Spellcasting
  3231 | D:3      | Reached XP level 5. HP: 9/29 MP: 1/15
  3502 | D:4      | Noticed a black bear
  3666 | D:3      | Killed a black bear
  3667 | D:3      | Reached skill level 1 in Necromancy
  3667 | D:3      | Reached XP level 6. HP: 21/34 MP: 7/17
  3677 | D:3      | Learned a level 5 spell: Lee's Rapid Deconstruction
  3806 | D:4      | Reached skill level 7 in Spellcasting
  4343 | D:4      | Reached skill level 1 in Air Magic
  4343 | D:4      | Reached skill level 1 in Earth Magic
  4343 | D:4      | Reached skill level 1 in Poison Magic
  4419 | D:5      | Entered Level 5 of the Dungeon
  4446 | D:5      | Identified the +5 sling of Geabufec {speed, rF- MP-9 Dex+8
                  | Stlth+}
  4473 | D:5      | Noticed a water moccasin
  4474 | D:5      | Reached XP level 7. HP: 38/38 MP: 8/20
  4551 | D:5      | Noticed a steam dragon
  4564 | D:4      | Reached skill level 1 in Evocations
  4672 | D:5      | Noticed Edmund
  4674 | D:5      | Reached skill level 8 in Spellcasting
  4806 | D:5      | Shot with an arrow by a centaur

Illustrated notes

Levels and vault maps discovered:
D:1:      heliophobic_arrival_ceremonial_halls, layout_basic
D:2:      layout_basic
D:3:      layout_basic
D:4:      layout_rooms, grunt_ministairs_14
D:5:      layout_cave_pools, grunt_temple_overflow_growth_and_decay,
          hangedman_minor_gate_pass, uniq_edmund

Skill      XL: |  1  2  3  4  5  6  7 |
---------------+----------------------+-----
Spellcasting   | 5 6 7 8 |  8.1
Fighting       | 1 |  1.6
Conjurations   | 2 3 4 |  4.0
Armour         | 1 |  1.0
Dodging        | 3 |  3.2
Shields        | 1 |  1.1
Stealth        | 3 |  3.0
Necromancy     | 1 |  1.3
Air Magic      | 1 |  1.0
Earth Magic    | 1 |  1.4
Poison Magic   | 1 |  1.0
Evocations     | 1 |  1.2
Summonings     | |  1.1
Translocations | |  1.1

Action                     |  1- 3 |  4- 6 |  7- 9 || total
---------------------------+-------+-------+-------++-------
  Melee: Dagger            |    29 |    55 |     2 ||    86
         Punch             |     1 |       |       ||     1
   Cast: Magic Dart        |    94 |   137 |    32 ||   263
         Mephitic Cloud    |       |     6 |     3 ||     9
         Call Imp          |       |     2 |     1 ||     3
         Blink             |       |     1 |     1 ||     2
   Stab: Confused          |       |     3 |       ||     3
 Armour: Robe              |    12 |    15 |       ||    27
         Leather armour    |       |     3 |     1 ||     4
  Dodge: Dodged            |    49 |    89 |    14 ||   152

Table legend: (Time is in decaauts)
 A = Elapsed time spent in this place.
 B = Non-inter-level travel time spent in this place.
 C = Inter-level travel time spent in this place.
 D = Time resting spent in this place.
 E = Time spent auto-exploring this place.
 F = Levels seen in this place.
 G = Mean time per level.
                   A        B        C        D        E       F      G
               +--------+--------+--------+--------+--------+-----+--------+
         Total |   4810 |   4582 |    228 |    623 |   3216 |   5 |  962.0 |
       Dungeon |   4810 |   4582 |    228 |    623 |   3216 |   5 |  962.0 |
               +--------+--------+--------+--------+--------+-----+--------+

Top non-repeatable levels by time:
     D:3: 1626 daAuts
     D:2: 1253 daAuts
     D:4: 1076 daAuts
     D:1: 734 daAuts
     D:5: 119 daAuts
